 Dungeon Crawl Stone Soup version 0.28-a0-1518-gbe868bca14 (webtiles) character file.

Game seed: 6463934032950763278

76169 ragingrage the Severer (level 15, 0/92 HPs)
             Began as a Gargoyle Artificer on Jan 16, 2022.
             Was the Champion of Okawaru.
             Blown up by a great orb of eyes (38 damage)
             ... with a mindburst bolt
             ... on level 13 of the Dungeon.
             The game lasted 00:28:13 (28170 turns).

ragingrage the Severer (Gargoyle Artificer)        Turns: 28170, Time: 00:28:13

Health: 0/92       AC: 50    Str: 26    XL:     15   Next: 52%
Magic:  0/18       EV:  9    Int: 25    God:    Okawaru [******]
Gold:   2146       SH:  0    Dex: 14    Spells: 14/14 levels left

rFire   . . .      SeeInvis .   a - +5 battleaxe (flame)
rCold   + . .      Faith    .   (shield currently unavailable)
rNeg    + . .      Spirit   +   S - +15 plate armour of an ice cave {Int+4}
rPois   ∞          Reflect  .   L - +2 helmet of the Known World {rC+ Int+4}
rElec   +          Harm     .   y - +2 cloak
rCorr   .          Rampage  .   I - +2 pair of gloves
Will    +....                   w - +1 pair of boots
Stlth   ..........              j - amulet of guardian spirit
HPRegen 0.25/turn               m - +6 ring of strength
MPRegen 0.16/turn               F - +6 ring of intelligence

@: about to teleport, flying, studying Fire Magic
A: sickness immunity, AC +11, big wings, negative energy resistance 1,
electricity resistance, torment resistance 1, petrification resistance
a: Renounce Religion, Heroism, Finesse, Duel


You were on level 13 of the Dungeon.
You worshipped Okawaru.
Okawaru was exalted by your worship.
You visited 2 branches of the dungeon, and saw 19 of its levels.

You collected 2146 gold pieces.

Inventory:

Hand Weapons
 a - a +5 battleaxe of flaming (weapon)
 b - a +1 executioner's axe of venom
Missiles
 g - 10 silver javelins
 h - 36 poisoned darts
 n - 8 curare-tipped darts (quivered)
 G - a throwing net
Armour
 w - a +1 pair of boots (worn)
 y - a +2 cloak (worn)
 I - a +2 pair of gloves (worn)
 L - the +2 helmet of the Known World (worn) {rC+ Int+4}
   (You acquired it on level 6 of the Lair of Beasts)

   Int:       It affects your intelligence (+4).
   rC:        It protects you from cold.
 S - the +15 plate armour of an ice cave (worn) {Int+4}
   (Okawaru gifted it to you on level 6 of the Lair of Beasts)

   Int:       It affects your intelligence (+4).
Jewellery
 j - an amulet of guardian spirit (around neck)
 m - a +6 ring of strength (left hand)
 E - a ring of positive energy
 F - a +6 ring of intelligence (right hand)
 K - a ring of fire
 T - an amulet of regeneration
Wands
 c - a wand of polymorph (3)
 l - a wand of flame (22)
 A - a wand of iceblast (3)
 B - a wand of acid (10)
 J - a wand of mindburst (5)
Scrolls
 d - 4 scrolls of vulnerability
 f - 4 scrolls of enchant armour
 k - 5 scrolls of enchant weapon
 o - 5 scrolls of fear
 t - 5 scrolls of teleportation
 v - 2 scrolls of magic mapping
 M - a scroll of fog
 N - a scroll of silence
 R - a scroll of torment
Potions
 i - 10 potions of heal wounds
 p - 2 potions of ambrosia
 q - a potion of cancellation
 r - a potion of might
 s - 6 potions of curing
 x - 3 potions of mutation
 z - 2 potions of brilliance
 D - a potion of magic
 O - 4 potions of lignification
 Q - a potion of berserk rage
 U - a potion of attraction {unknown}
Miscellaneous
 e - a piece from Xom's chessboard (15/15)
 C - a tin of tremorstones (2/2)
 P - a phial of floods


   Skills:
 + Level 10.1 Fighting
 * Level 20.6 Axes
 + Level 5.2 Armour
 + Level 4.2 Dodging
 - Level 1.1 Stealth
 + Level 5.2 Invocations
 + Level 7.5 Evocations


You had 14 spell levels left.
You didn't know any spells.
Your spell library contained the following spells:

 Spells                   Type           Power      Damage    Failure   Level
 Beastly Appendage        Tmut           0%         N/A       87%         1
 Blink                    Tloc           0%         N/A       95%         2
 Corpse Rot               Necr/Air       0%         N/A       95%         2
 Wereblood                Tmut           0%         N/A       95%         2
 Frozen Ramparts          Ice            0%         1d2       99%         3
 Ignite Poison            Fire/Tmut/Pois 0%         N/A       99%         3
 Lesser Beckoning         Tloc           0%         N/A       99%         3
 Mephitic Cloud           Conj/Pois/Air  0%         N/A       99%         3
 Spider Form              Tmut/Pois      0%         N/A       99%         3
 Dispel Undead            Necr           0%         3d6       100%        4
 Ice Form                 Ice/Tmut       0%         N/A       100%        4
 Passage of Golubria      Tloc           0%         N/A       100%        4
 Freezing Cloud           Conj/Ice/Air   0%         6-21      100%        5
 Manifold Assault         Tloc           0%         N/A       100%        5
 Silence                  Hex/Air        0%         N/A       100%        5
 Yara's Violent Unravell  Hex/Tmut       0%         3d3       100%        5
 Dispersal                Tloc           0%         N/A       100%        6
 Disjunction              Tloc           0%         N/A       100%        8
 Lehudib's Crystal Spear  Conj/Erth      0%         10d2      100%        8
 Tukima's Dance           Hex            Unusable   N/A       N/A         3
 Summon Ice Beast         Ice/Summ       Unusable   N/A       N/A         4
 Death Channel            Necr           Unusable   N/A       N/A         6
 Statue Form              Tmut/Erth      Unusable   N/A       N/A         6

Dungeon Overview and Level Annotations

Branches:
Dungeon (13/15)            Temple (0/1) D:4            Lair (6/6) D:8
  Swamp (0/4) Lair:3        Snake (0/4) Lair:4        Slime (0/5) Lair:5
    Orc (0/2) D:10
 Vaults: D:13-14

Altars:
Gozag
Okawaru
Sif Muna
Uskayaw
Xom
Jiyva

Annotations:
D:4 3 runed translucent doors, Bediveer's ghost, amateur FeSu
D:8 exclusion: downstairs
D:9 2 transporters, innerfire433's ghost, novice DsWn
Lair:3 exclusion: downstairs
Lair:5 1 runed translucent door


Innate Abilities, Weirdness & Mutations

You are immune to sickness and miasma.
Your stone body is resilient. (AC +11)
You are immune to poison.
Your large and strong wings let you fly.
You resist negative energy. (rN+)
You are resistant to electric shocks. (rElec)
You are resistant to unholy torment.
You are immune to petrification.


Message History

* * * LOW HITPOINT WARNING * * *
The great orb of eyes gazes at you. You resist with significant effort.
As you read the scroll of teleportation, it crumbles to dust.
You feel strangely unstable.
The centaur warrior shoots an arrow.
The arrow barely misses you.
The great orb of eyes bites you but does no damage.
Unknown command.
You feel much better.
The centaur warrior shoots an arrow.
The arrow hits you. The vampire mosquito bites you!
The great orb of eyes bites you but does no damage.
Unknown command.
You barely miss the great orb of eyes. You slice the vampire mosquito!!
You burn the vampire mosquito.
You destroy the vampire mosquito!
Okawaru accepts your kill.
The centaur warrior shoots an arrow.
The arrow hits you but does no damage.
A two-headed ogre comes into view.
It is wielding two +0 giant spiked clubs.
You closely miss the centaur warrior.
The two-headed ogre shouts in stereo!
You hit the great orb of eyes. You burn the great orb of eyes.
You feel like a meek peon again.
The centaur warrior shoots an arrow.
The arrow hits you but does no damage.
A deep elf pyromancer comes into view. It is wielding a +0 long sword.
The great orb of eyes barely misses you.
The centaur warrior unwields a +0 shortbow.
The centaur warrior wields a +0 dire flail.
The centaur warrior hits you but does no damage.
The centaur warrior barely misses you.
You hear a roar!
You hit the centaur warrior but do no damage.
You hit the great orb of eyes but do no damage.
The centaur warrior shoots an arrow.
The arrow completely misses you.
The deep elf pyromancer casts a spell.
The deep elf pyromancer blinks!
The centaur warrior hits you but does no damage.
The centaur warrior kicks you but does no damage.
The great orb of eyes gazes at you.
Your mind is blasted!
You die...

##u ..## ..§ ..#
.. #c #####.#####
#.....@G..#
#....#.cW.#
#.#..#...#..#
#.#........[###
...#.....#[[[#
#.........##(.....
#p.#...#..# .....
#...[#[...# #.#.
#.........# ...


You could see a great orb of eyes, a red ugly thing (fleeing), 2 centaur
warriors, a wizard (fleeing) and a wraith.

Vanquished Creatures
  Gastronok (D:8)
  A minotaur (Lair:1)
  Snorg (Lair:6)
  Josephine (D:10)
  Fannar (D:10)
  8 hydras
  Erica (D:8)
  Harold (D:10)
  3 boulder beetles
  A centaur warrior (D:13)
  4 two-headed ogres
  4 tengu warriors
  6 death yaks (Lair:5)
  Sonja (Lair:3)
  A wizard (D:13)
  Pikel (D:5)
  A deep elf pyromancer (D:13)
  2 ugly things
  6 cyclopes
  2 manticores (D:12)
  8 black mambas
  10 elephants
  A torpor snail (Lair:2)
  9 cane toads
  2 rime drakes
  10 komodo dragons
  5 trolls
  11 polar bears
  6 hornets (Lair:6)
  17 dream sheep
  11 blink frogs
  2 shadows
  12 spriggans (Lair:6)
  3 wraiths (D:10)
  3 basilisks
  3 wyverns
  48 yaks
  Grum (D:7)
  Menkaure (D:5)
  7 vampire mosquitoes
  3 nagas (Lair:4)
  An acid dragon (D:9)
  15 water moccasins
  8 orc warriors
  2 sky beasts (D:5)
  2 ice beasts (D:6)
  A black bear (Lair:6)
  3 ogres
  7 boggarts (Lair:6)
  27 wolves
  6 centaurs
  A lemure (D:5)
  A phantom (D:5)
  A kobold brigand (D:9)
  8 bullfrogs
  4 gnoll sergeants
  3 scorpions
  A water moccasin skeleton (D:5)
  16 wights
  2 howler monkeys
  5 centaur zombies
  3 jellies
  9 hounds
  4 iguanas
  4 orc priests
  4 gnoll shamans
  Natasha (thrice) (D:2)
  15 orc wizards
  7 hell rats
  A howler monkey zombie (D:9)
  29 gnolls
  7 adders
  An adder skeleton (D:4)
  2 worms
  3 dart slugs
  37 orcs
  7 bats
  5 endoplasms
  A giant cockroach (D:2)
  9 goblins
  8 hobgoblins
  5 jackals
  12 kobolds
  6 quokkas
  3 ball pythons
  8 frilled lizards
  9 rats
536 creatures vanquished.

Vanquished Creatures (others)
  35 fungi
  45 plants
80 creatures vanquished.

Grand Total: 616 creatures vanquished

Notes
Turn   | Place    | Note
-------+----------+-------------------------------------------
     0 | D:1      | ragingrage the Gargoyle Artificer began the quest for the
                  | Orb.
     0 | D:1      | Reached XP level 1. HP: 12/12 MP: 1/1
   286 | D:1      | Reached XP level 2. HP: 15/17 MP: 2/2
   962 | D:1      | Found an iron altar of Okawaru.
   983 | D:1      | Became a worshipper of Warmaster Okawaru
  1416 | D:1      | Got the Volume of Changing
  1559 | D:1      | Reached XP level 3. HP: 21/21 MP: 3/3
  2008 | D:2      | Noticed Natasha
  2014 | D:2      | Killed Natasha
  2110 | D:2      | Found a faded altar of an unknown god.
  2194 | D:2      | Reached XP level 4. HP: 27/27 MP: 4/4
  2657 | D:2      | Noticed Natasha
  2667 | D:2      | Killed Natasha
  2674 | D:2      | Reached XP level 5. HP: 18/33 MP: 2/5
  3245 | D:2      | Noticed Natasha
  3257 | D:2      | Killed Natasha
  3918 | D:3      | Reached XP level 6. HP: 28/39 MP: 4/6
  4559 | D:4      | Reached skill level 5 in Fighting
  4559 | D:4      | Reached skill level 5 in Evocations
  4903 | D:4      | Found a staircase to the Ecumenical Temple.
  5392 | D:4      | Reached * piety under Okawaru
  5393 | D:4      | Reached XP level 7. HP: 27/44 MP: 4/7
  5757 | D:4      | Found a runed translucent gate.
  5758 | D:4      | Found a runed translucent gate.
  5758 | D:4      | Found an opulent altar of Gozag.
  5759 | D:4      | Found a runed translucent gate.
  5761 | D:4      | Noticed Bediveer's ghost (amateur FeSu)
  5840 | D:4      | Reached skill level 1 in Axes
  5934 | D:5      | Entered Level 5 of the Dungeon
  6156 | D:5      | Reached skill level 2 in Axes
  6291 | D:5      | Noticed Menkaure
  6299 | D:5      | Killed Menkaure
  6300 | D:5      | Reached skill level 3 in Axes
  6426 | D:5      | Reached XP level 8. HP: 46/50 MP: 4/8
  6504 | D:5      | Reached skill level 4 in Axes
  6560 | D:5      | Reached ** piety under Okawaru
  7324 | D:5      | Reached skill level 5 in Axes
  7524 | D:5      | Noticed Pikel
  7555 | D:5      | Killed Pikel
  7556 | D:5      | Reached skill level 6 in Axes
  7556 | D:5      | Reached XP level 9. HP: 18/54 MP: 5/9
  7942 | D:6      | Found a shimmering blue altar of Sif Muna.
  8088 | D:6      | Reached *** piety under Okawaru
  8089 | D:6      | Reached skill level 7 in Axes
  9367 | D:7      | Found an iron altar of Okawaru.
  9397 | D:7      | Reached skill level 8 in Axes
  9870 | D:7      | Noticed Grum
  9884 | D:7      | Killed Grum
  9885 | D:7      | Reached skill level 9 in Axes
 10385 | D:7      | Reached XP level 10. HP: 55/60 MP: 8/10
 10757 | D:8      | Reached **** piety under Okawaru
 11035 | D:8      | Noticed Gastronok
 11218 | D:8      | Found a staircase to the Lair.
 11257 | D:7      | Reached skill level 10 in Axes
 11639 | D:8      | Found a shimmering altar of Xom.
 11639 | D:8      | Found a hide-covered altar of Uskayaw.
 11656 | D:8      | Noticed a cyclops
 11684 | D:8      | HP: 3/60 [cyclops/large rock (16)]
 12009 | D:8      | Killed a cyclops
 12412 | D:8      | Killed Gastronok
 12413 | D:8      | Reached skill level 11 in Axes
 12664 | D:8      | Reached skill level 12 in Axes
 12667 | D:8      | Reached ***** piety under Okawaru
 12769 | D:8      | Noticed Erica
 13659 | D:9      | Noticed a two-headed ogre
 13867 | D:8      | Reached skill level 14 in Axes
 13867 | D:8      | Reached XP level 11. HP: 64/64 MP: 8/11
 13882 | D:8      | Killed Erica
 13883 | D:8      | Reached XP level 12. HP: 22/68 MP: 4/12
 14413 | D:9      | Found a transporter.
 14416 | D:9      | Noticed innerfire433's ghost (novice DsWn)
 14437 | D:9      | Found a transporter.
 14452 | D:9      | Noticed a two-headed ogre
 14474 | D:9      | Killed a two-headed ogre
 14475 | D:9      | Reached skill level 15 in Axes
 14984 | D:9      | Killed a two-headed ogre
 15663 | Lair:1   | Entered Level 1 of the Lair of Beasts
 15785 | Lair:1   | Found a runed translucent door.
 15999 | Lair:1   | Reached skill level 1 in Dodging
 16493 | Lair:1   | Identified a scroll of acquirement
 16493 | Lair:1   | Acquired 770 gold pieces
 16692 | Lair:1   | Noticed a four-headed hydra
 16703 | Lair:1   | Killed a one-headed hydra
 17044 | Lair:1   | Noticed a minotaur
 17053 | Lair:1   | Killed a minotaur
 17225 | Lair:2   | Identified the +8 scale mail of Honesty {Int+3 Dex+5}
                  | (Okawaru gifted it to you on level 2 of the Lair of Beasts)
 17225 | Lair:2   | Received a gift from Okawaru
 17322 | Lair:1   | Reached skill level 16 in Axes
 17720 | Lair:2   | Reached XP level 13. HP: 58/76 MP: 8/13
 18008 | Lair:2   | Reached skill level 5 in Armour
 18469 | Lair:3   | Noticed Sonja
 18471 | Lair:3   | Killed Sonja
 18499 | Lair:3   | Reached skill level 1 in Invocations
 18785 | Lair:2   | Reached ****** piety under Okawaru
 18877 | Lair:2   | Received a gift from Okawaru
 19161 | Lair:3   | Reached skill level 17 in Axes
 19251 | Lair:3   | Found the +8 autumn katana {vorpal, manifold assault}
 19277 | Lair:3   | Found a staircase to the Swamp.
 20274 | Lair:4   | Received a gift from Okawaru
 20980 | Lair:4   | Reached skill level 5 in Invocations
 20980 | Lair:4   | Gained mutation: Your large and strong wings let you fly.
                  | [Gargoyle growth]
 20980 | Lair:4   | Reached XP level 14. HP: 86/86 MP: 17/17
 21111 | Lair:4   | Found a staircase to the Snake Pit.
 22205 | Lair:5   | Reached skill level 10 in Fighting
 22205 | Lair:5   | Reached skill level 18 in Axes
 22394 | Lair:5   | Found a runed translucent door.
 22394 | Lair:5   | Found a viscous altar of Jiyva.
 22394 | Lair:5   | Found a staircase to the Slime Pits.
 22394 | Lair:5   | Noticed an acid blob
 22394 | Lair:5   | Noticed an acid blob
 22394 | Lair:5   | Noticed an acid blob
 22764 | Lair:6   | Entered Level 6 of the Lair of Beasts
 22774 | Lair:6   | Received a gift from Okawaru
 23826 | Lair:6   | Noticed Snorg
 23828 | Lair:6   | Reached skill level 19 in Axes
 23841 | Lair:6   | Killed Snorg
 24166 | Lair:6   | Identified the +15 plate armour of an ice cave {Int+4}
                  | (Okawaru gifted it to you on level 6 of the Lair of Beasts)
 24166 | Lair:6   | Received a gift from Okawaru
 24492 | Lair:6   | Acquired the +2 helmet of the Known World {rC+ Int+4}
 25047 | D:10     | Entered Level 10 of the Dungeon
 25077 | D:10     | Noticed Harold
 25088 | D:10     | Killed Harold
 25089 | D:10     | Reached XP level 15. HP: 92/92 MP: 16/18
 25103 | D:10     | You are sucked into a shaft and drop 2 floors!
 25641 | D:10     | Found a staircase to the Orcish Mines.
 25761 | D:10     | Reached skill level 20 in Axes
 26162 | D:10     | Noticed Josephine
 26168 | D:10     | Killed Josephine
 26274 | D:10     | Noticed Fannar
 26296 | D:10     | Killed Fannar
 27436 | D:11     | Identified the +10 falchion of Compound Interest {holy,
                  | Str+5}
 28142 | Arena    | Entered the Arena
 28170 | D:13     | Blown up by a great orb of eyes

Illustrated notes

Levels and vault maps discovered:
D:1:      dpeg_arrival_three_smaller_balls, layout_basic, minmay_hexomino_r4
D:2:      layout_loops_ring, hellmonk_ecumenical_altar_run_dry,
          minmay_joined_circles, uniq_natasha
D:3:      layout_basic
D:4:      layout_basic, minmay_temple_entry_statues_pillars, ebering_ghost_gozag
D:5:      layout_loops_ring, uniq_menkaure, uniq_pikel
D:6:      layout_layer_cave, led_sif_book
D:7:      layout_cave_pools, okawaru_ov_weapons_minmay, serial_gnoll_camp,
          gnoll_camp_mini_loothouse, gnoll_camp_mini_hut, gnoll_camp_mini_basic,
          gnoll_camp_mini_hut, grums_kennel
D:8:      layout_basic, gammafunk_temple_overflow_elements, lair_entry_dummy,
          small_chamber_with_monster, uniq_erica, uniq_gastronok
D:9:      cheibrodos_helix_gallery, layout_irregular_city,
          gammafunk_ghost_berserking_beasts
D:10:     layout_roguey, david_orc_4, grunt_ministairs_8, serial_park_tiny_1,
          uniq_harold, uniq_josephine, uniq_fannar
D:11:     layout_grid_maze, kennysheep_cross_bottleneck
D:12:     layout_basic
D:13:     layout_stronghold, erik_vaults_2, chequers_serial_rivers_small_a,
          hangedman_decor_opposing, minmay_the_grid_2x2
          [minmay_the_grid_pillar_ring, minmay_the_grid_tiny_cups,
          minmay_the_grid_embedded, minmay_the_grid_prize_big_room], uniq_urug,
          uniq_maurice
Lair:1:   dreamdust_labyrinth, layout_gridlike
Lair:2:   layout_chaotic_city
Lair:3:   layout_roguey, minmay_swamp_entry_reptiles,
          infiniplex_staircase_pool_2, lemuel_fruit_fields, uniq_sonja
Lair:4:   layout_loops_ring, minmay_snake_entry_guardpost_medium,
          lemuel_fruit_tree
Lair:5:   layout_layer_cave, slime_altar_2
Lair:6:   minmay_lair_end_enchanted_forest, layout_gridlike,
          chequers_serial_rivers_micro_c, kilobyte_rumbling_trees, uniq_snorg

Skill      XL: |  1  2  3  4  5  6  7  8  9 10 11 12 13 14 15 |
---------------+----------------------------------------------+-----
Evocations     | 3 4 5 6 7 |  7.5
Fighting       | 2 3 4 5 7 9 10 | 10.1
Axes           | 3 6 9 14 16 17 19 20 | 20.6
Dodging        | 3 4 |  4.2
Armour         | 4 5 |  5.2
Invocations    | 5 |  5.2
Stealth        | |  1.1

Action                   |  1- 3 |  4- 6 |  7- 9 | 10-12 | 13-15 || total
-------------------------+-------+-------+-------+-------+-------++-------
Melee: Club              |    90 |       |       |       |       ||    90
       Punch             |     2 |     2 |     5 |     8 |     3 ||    20
       Spear             |     7 |   185 |   324 |   189 |    39 ||   744
       War axe           |       |       |    46 |   134 |       ||   180
       Battleaxe         |       |       |       |    74 |   636 ||   710
       Scimitar          |       |       |       |     3 |    52 ||    55
       Executioner's axe |       |       |       |       |   133 ||   133
Throw: Dart              |       |       |     2 |    13 |     1 ||    16
Invok: Heroism           |       |       |     5 |    10 |     7 ||    22
       Duel              |       |       |       |       |     1 ||     1
Evoke: Wand              |       |       |     4 |     3 |     4 ||    11
       Tin of tremorston |       |       |       |       |     1 ||     1
  Use: Scroll            |       |       |       |    12 |    17 ||    29
       Potion            |       |       |       |     2 |     2 ||     4
 Stab: Sleeping          |     2 |       |     3 |     1 |       ||     6
Armor: Leather armour    |    27 |    48 |   135 |    41 |       ||   251
       Scale mail        |       |       |       |    40 |   532 ||   572
       Acid dragon scale |       |       |       |    38 |       ||    38
       Chain mail        |       |       |       |    20 |       ||    20
       Plate armour      |       |       |       |       |   260 ||   260
Dodge: Dodged            |    52 |    74 |   176 |   154 |   546 ||  1002

Table legend: (Time is in decaauts)
 A = Elapsed time spent in this place.
 B = Non-inter-level travel time spent in this place.
 C = Inter-level travel time spent in this place.
 D = Time resting spent in this place.
 E = Time spent auto-exploring this place.
 F = Levels seen in this place.
 G = Mean time per level.
                   A        B        C        D        E       F      G
               +--------+--------+--------+--------+--------+-----+--------+
         Total |  27923 |  26675 |   1248 |   5856 |  16394 |  20 | 1396.2 |
       Dungeon |  18678 |  17763 |    915 |   3656 |  11324 |  13 | 1436.8 |
          Lair |   9224 |   8891 |    333 |   2189 |   5070 |   6 | 1537.3 |
         Arena |     20 |     20 |      0 |     11 |      0 |   1 |   20.0 |
               +--------+--------+--------+--------+--------+-----+--------+

Top non-repeatable levels by time:
     D:8: 2687 daAuts
     D:5: 2114 daAuts
  Lair:5: 2023 daAuts
     D:1: 1990 daAuts
  Lair:1: 1716 daAuts
     D:7: 1672 daAuts
     D:9: 1602 daAuts
     D:6: 1592 daAuts
  Lair:2: 1506 daAuts
  Lair:6: 1426 daAuts
     D:2: 1375 daAuts
     D:3: 1336 daAuts
  Lair:3: 1328 daAuts
     D:4: 1279 daAuts
  Lair:4: 1224 daAuts
